 Dungeon Sprint DCSS version 0.29.1-12-g30fa7ad0bf (webtiles) character file.

Game seed: 15431708637176760212

1710 retardedninja the Protected (level 9, -4/86 HPs)
             Began as a Hill Orc Fighter on Dec 19, 2022.
             Was a Priest of Trog.
             Slain by a two-headed ogre
             ... wielding a +0 giant club
              (24 damage)
             ... in the Dungeon (Sprint IX: "|||||||||||||||||||||||||||||").
             The game lasted 00:02:40 (1072 turns).

retardedninja the Protected (Hill Orc Fighter)      Turns: 1072, Time: 00:02:46

Health: -4/86      AC: 19    Str: 23    XL:     9   Next: 3%
Magic:  9/9        EV:  9    Int: 11    God:    Trog [***...]
Gold:   0          SH:  5    Dex: 10    Spells: 8/8 levels left

rFire   . . .      SeeInvis .   k - +1 broad axe (vorpal)
rCold   . . .      Faith    .   c - +0 buckler
rNeg    . . .      Spirit   .   n - +1 chain mail
rPois   .          Reflect  .   (no helmet)
rElec   .          Harm     .   l - +0 cloak
rCorr   .          Rampage  .   m - +0 pair of gloves
Will    .....      NoTele   +   (no boots)
Stlth   ..........              (no amulet)
HPRegen 0.24/turn               o - +2 ring of protection
MPRegen 0.11/turn               p - +3 ring of intelligence

@: no status effects
A: no striking features
a: Renounce Religion, Berserk, Trog's Hand


You were in the Dungeon.
You worshipped Trog.
Trog was most pleased with you.
You visited 1 branch

Inventory:

Hand Weapons
 a - a +0 war axe
 k - a +1 vorpal broad axe (weapon)
Armour
 b - a +0 scale mail
 c - a +0 buckler (worn)
 l - a +0 cloak (worn)
 m - a +0 pair of gloves (worn)
 n - a +1 chain mail (worn)
Jewellery
 o - a +2 ring of protection (left hand)
 p - a +3 ring of intelligence (right hand)
Wands
 g - a wand of iceblast (3)
Scrolls
 j - a scroll of blinking
Potions
 e - 3 potions of curing
 h - 4 potions of magic


   Skills:
 + Level 10.8 Fighting
 + Level 12.4 Axes
 + Level 13.4 Armour
 + Level 3.5 Dodging
 + Level 8.6 Shields
 + Level 3.2 Evocations


You had 8 spell levels left.
You didn't know any spells.
Your spell library was empty.

Dungeon Overview and Level Annotations

Branches:
Dungeon (1/1)

Altars:
Cheibriados
Dithmenos
Elyvilon
Fedhas
Gozag
Hepliaklqana
Kikubaaqudgha
Makhleb
Nemelex Xobeh
Okawaru
Qazlal
Ru
Sif Muna
Trog
Uskayaw
Vehumet
Wu Jian
Xom
Yredelemnul
Zin
The Shining One
Beogh
Jiyva
Lugonu


Message History

The vampire mosquito bites you but does no damage.
You barely miss the vampire mosquito.
The vampire mosquito is severely damaged.
The vampire mosquito bites you.
* * * LOW HITPOINT WARNING * * *
The vampire mosquito draws strength from your injuries!
The vampire mosquito misses you.
You barely miss the vampire mosquito.
The vampire mosquito is severely damaged.
The vampire mosquito barely misses you. The vampire mosquito bites you.
* * * LOW HITPOINT WARNING * * *
The vampire mosquito draws strength from your injuries!
You feel better.
You block the vampire mosquito's attack.
The vampire mosquito bites you but does no damage.
You hit the vampire mosquito.
The vampire mosquito is severely damaged.
You block the vampire mosquito's attack.
The vampire mosquito bites you but does no damage.
You slash the vampire mosquito!
You destroy the vampire mosquito!
Trog accepts your kill.
You have reached level 9!
Your experience leads to an increase in your attributes!
Your base attributes are Str 21, Int 8, Dex 10.
Increase (S)trength, (I)ntelligence, or (D)exterity?
You feel stronger. x2
You slash the two-headed ogre!
The two-headed ogre is lightly wounded.
You block the two-headed ogre's attack.
The two-headed ogre hits you with a +0 giant club!
* * * LOW HITPOINT WARNING * * *
The two-headed ogre hits you with a +0 giant club.
* * * LOW HITPOINT WARNING * * *
The two-headed ogre closely misses you.
You see here a troll corpse.
You feel better.
The two-headed ogre hits you but does no damage.
The two-headed ogre hits you with a +0 giant club!!
You die...

▓.▓
▓.▓
▓'▓
▓.▓
▓.▓
▓.▓
▓.▓
▓.▓
▓@▓
▓O▓
▓H▓
▓.▓
▓.▓
▓.▓
▓.▓
▓.▓


You could see a two-headed ogre and a manticore.

Vanquished Creatures
  A cyclops (D)
  An unseen horror (D)
  2 trolls (D)
  2 shadows (D)
  A vampire mosquito (D)
  2 killer bees (D)
  A jelly (D)
  An iguana (D)
  An orc wizard (D)
  An adder (D)
  A worm (D)
  An orc (D)
  2 ball pythons (D)
  A hobgoblin (D)
  A frilled lizard (D)
  A rat (D)
20 creatures vanquished.

Notes
Turn   | Place    | Note
-------+----------+-------------------------------------------
     0 | D        | retardedninja the Hill Orc Fighter began the quest for the
                  | Orb.
     0 | D        | Reached XP level 1. HP: 19/19 MP: 1/1
    17 | D        | Noticed a jelly
    17 | D        | Noticed an iguana
    27 | D        | Reached skill level 4 in Armour
    27 | D        | Reached XP level 2. HP: 20/28 MP: 2/2
    29 | D        | Reached skill level 5 in Fighting
    29 | D        | Reached skill level 5 in Armour
    29 | D        | Reached skill level 5 in Shields
    29 | D        | Reached XP level 3. HP: 25/36 MP: 3/3
    35 | D        | Reached XP level 4. HP: 19/44 MP: 4/4
    38 | D        | Reached skill level 6 in Armour
   330 | D        | Found a roughly hewn altar of Beogh.
   330 | D        | Found a snail-covered altar of Cheibriados.
   330 | D        | Found a shadowy altar of Dithmenos.
   330 | D        | Found a white marble altar of Elyvilon.
   330 | D        | Found a blossoming altar of Fedhas.
   330 | D        | Found an opulent altar of Gozag.
   331 | D        | Found a hazy altar of Hepliaklqana.
   332 | D        | Found a viscous altar of Jiyva.
   333 | D        | Found an ancient bone altar of Kikubaaqudgha.
   334 | D        | Found a corrupted altar of Lugonu.
   335 | D        | Found a burning altar of Makhleb.
   336 | D        | Found a sparkling altar of Nemelex Xobeh.
   337 | D        | Found an iron altar of Okawaru.
   338 | D        | Found a stormy altar of Qazlal.
   339 | D        | Found a sacrificial altar of Ru.
   340 | D        | Found a shimmering blue altar of Sif Muna.
   341 | D        | Found a bloodstained altar of Trog.
   342 | D        | Found a hide-covered altar of Uskayaw.
   343 | D        | Found a radiant altar of Vehumet.
   344 | D        | Found an ornate altar of the Wu Jian Council.
   345 | D        | Found a shimmering altar of Xom.
   346 | D        | Found a basalt altar of Yredelemnul.
   347 | D        | Found a glowing silver altar of Zin.
   354 | D        | Found a glowing golden altar of the Shining One.
   357 | D        | Became a worshipper of Trog the Wrathful
   408 | D        | Noticed a troll
   408 | D        | Noticed a shadow
   408 | D        | Noticed a shadow
   426 | D        | Killed a troll
   427 | D        | Reached skill level 9 in Armour
   427 | D        | Reached skill level 1 in Dodging
   427 | D        | Reached XP level 5. HP: 19/53 MP: 5/5
   427 | D        | Reached XP level 6. HP: 22/61 MP: 6/6
   428 | D        | Reached * piety under Trog
   434 | D        | Killed a shadow
   435 | D        | Reached skill level 10 in Armour
   435 | D        | Reached skill level 1 in Evocations
   435 | D        | Reached XP level 7. HP: 21/69 MP: 7/7
   439 | D        | Killed a shadow
   439 | D        | Reached ** piety under Trog
   440 | D        | Reached skill level 11 in Armour
   442 | D        | Reached skill level 10 in Axes
  1044 | D        | Noticed a troll
  1044 | D        | Noticed a cyclops
  1044 | D        | Noticed a vampire mosquito
  1044 | D        | Noticed a two-headed ogre
  1044 | D        | Noticed a manticore
  1050 | D        | Killed an unseen horror
  1051 | D        | Reached skill level 12 in Armour
  1051 | D        | Reached XP level 8. HP: 45/79 MP: 8/8
  1053 | D        | Killed a troll
  1054 | D        | Reached skill level 10 in Fighting
  1060 | D        | Killed a cyclops
  1060 | D        | Reached *** piety under Trog
  1061 | D        | Reached skill level 13 in Armour
  1069 | D        | Reached XP level 9. HP: 22/86 MP: 9/9
  1072 | D        | Slain by a two-headed ogre

Illustrated notes

Levels and vault maps discovered:
D:        linesprint [early_d, line_temple, items_1, d_10, items_2, lair_1,
          lair_end, items_3, orc_1, orc_end, items_4, d_15, swamp_1, shoals_1,
          snake_1, spider_1, d_20, vaults_1, items_5, swamp_end, shoals_end,
          snake_end, spider_end, vaults_end, d_27, items_6, zot_1, zot_end,
          crypt_end, forest_end, elf_end, slime_end, tomb_end, abyss_end,
          pan_hell_end]

Skill      XL: |  1  2  3  4  5  6  7  8 |
---------------+-------------------------+-----
Fighting       | 4 5 6 8 9 10 | 10.8
Axes           | 3 4 7 8 10 12 | 12.4
Armour         | 4 5 9 10 12 13 | 13.4
Shields        | 4 5 7 8 |  8.6
Dodging        | 1 2 3 |  3.5
Evocations     | 1 2 3 |  3.2

Action                   |  1- 3 |  4- 6 |  7- 9 || total
-------------------------+-------+-------+-------++-------
Melee: War axe           |    21 |     2 |       ||    23
       Broad axe         |       |    14 |    25 ||    39
Evoke: Wand              |       |     4 |     3 ||     7
  Use: Potion            |     2 |     4 |     3 ||     9
       Scroll            |       |     1 |       ||     1
Armor: Scale mail        |     8 |       |       ||     8
       Chain mail        |       |    11 |    17 ||    28
Dodge: Dodged            |     8 |    14 |    11 ||    33
Block: Buckler           |     2 |    10 |     6 ||    18
